 Dungeon Crawl Stone Soup version 0.16-a0-2093-g8c923f7 (webtiles) character file.

840 myeffort the Geomancer (level 7, 14/55 HPs)
             Began as a Deep Dwarf Earth Elementalist on Nov 12, 2014.
             Quit the game on level 6 of the Dungeon.
             The game lasted 00:23:57 (4870 turns).

myeffort the Geomancer (DDEE)                       Turns: 4870, Time: 00:23:57

Health: 14/55      AC:  6    Str: 12    XL:     7   Next: 67%
Magic:  12/12      EV: 12    Int: 17    God:
Gold:   211        SH:  0    Dex: 13    Spells: 3 memorised, 4 levels left

rFire  . . .     SeeInvis .     a - +1 whip (elec)
rCold  + . .     Clarity  .     c - +0 robe
rNeg   . . .     SustAb   .     (no shield)
rPois  .         Gourm    .     (no helmet)
rElec  .         Spirit   .     (no cloak)
rCorr  .         Warding  .     n - +0 pair of gloves
rMut   .         Stasis   .     (no boots)
MR     +....                    (no amulet)
Stlth  ++........               (no ring)
                                q - ring of protection from cold

@: stone skin, non-regenerating, somewhat resistant to hostile enchantments,
unstealthy
A: damage resistance, recharge devices, sense surroundings 1, slow healing 3
a: Device Recharging


You were on level 6 of the Dungeon.
You were very hungry.

You visited 1 branch of the dungeon, and saw 6 of its levels.
You also visited: Ossuary.

You collected 211 gold pieces.

Inventory:

Hand weapons
 a - a +1 whip of electrocution (weapon)
Missiles
 b - 101 stones (quivered)
 g - a throwing net
 k - 10 poisoned needles
Armour
 c - a +0 robe (worn)
 j - a +0 shield
 n - a +0 pair of gloves (worn)
 s - a cursed +0 ring mail
 F - a cursed +0 large shield
Jewellery
 q - a ring of protection from cold (left hand)
Magical devices
 e - a wand of heal wounds (3)
Scrolls
 m - 3 scrolls of remove curse
 o - 2 scrolls of noise
 y - 3 scrolls of identify
 L - 3 scrolls of immolation
Potions
 h - 2 potions of haste {unknown}
 i - 2 potions of flight {unknown}
 r - 4 potions of agility {unknown}
 z - 3 potions of restore abilities {unknown}
 A - 5 potions of poison
 B - 3 potions of curing
 C - a potion of invisibility {unknown}
 D - a potion of mutation {unknown}
 G - 4 potions of confusion {unknown}
 J - 2 potions of degeneration {unknown}
 K - 2 potions of lignification {unknown}
Books
 d - a book of Geomancy

   Spells                             Type                      Level
   *Sandblast                         Earth                        1
   *Stoneskin                         Transmutation/Earth          2
   Passwall                           Transmutation/Earth          3
   *Stone Arrow                       Conjuration/Earth            3
   Petrify                            Transmutation/Earth          4
   Lee's Rapid Deconstruction         Earth                        5
Comestibles
 f - 6 bread rations
 p - 2 beef jerkies
 v - 4 meat rations
 E - 4 fruits


   Skills:
 - Level 2.1 Dodging
 - Level 2.4 Stealth
 * Level 5.2 Shields
 - Level 2.0 Spellcasting
 - Level 0.8 Transmutations
 + Level 9.9 Earth Magic


You had 4 spell levels left.
You knew the following spells:

 Your Spells              Type           Power        Failure   Level  Hunger
a - Sandblast             Erth           #####.       1%          1    #......
b - Stoneskin             Trmt/Erth      ###.....     3%          2    ###....
c - Stone Arrow           Conj/Erth      ###...       10%         3    ###....


Dungeon Overview and Level Annotations

Branches:
Dungeon (6/15)
 Temple: D:4-7

Altars:
Trog
Xom
The Shining One

Annotations:
D:3 Herrn's ghost, average FoFi
D:4 Pikel
D:6 Sigmund


Innate Abilities, Weirdness & Mutations

You are resistant to damage.
You can recharge devices by infusing magical energy.
You passively map a small area around you.
You do not heal naturally.


Message History

Press: ? - help, Shift-Dir - straight line, f - goblin
Aim: a goblin, wielding a dagger The blast of sand hits the goblin.
You kill the goblin!
Things that are here:
a dagger; a goblin corpse You now have 199 gold pieces (gained 7).
Magic restored.
You now have 211 gold pieces (gained 12).
Sigmund the Dreaded comes into view.
He is wielding a glowing scythe.
Sigmund shouts!
Sigmund mumbles some strange words.
Sigmund flickers and vanishes!
Deactivating autopickup; reactivate with Ctrl-A.
An electric eel comes into view.
Something hits you!
* * * LOW HITPOINT WARNING * * *
The electric eel moves out of view.
You closely miss something. Something barely misses you.
Are you sure you want to abandon this character and quit the game? (Confirm with "yes".)

≈ .≈≈ ≈ ≈≈ ≈ #.≈≈*
≈≈# .≈≈ , ≈≈#
##.,≈≈#+#≈≈###≈ ,
#..**≈≈≈≈≈≈≈≈≈≈
#.####≈≈;≈≈≈≈
####.#.....#.###...
*,
...........@........
,
####.#.....#.######
* #.##..### #
####....## , * *
#####....#### *
..........# *
###.......# ,..
#.......# ....
#.......# #....


You could see an electric eel (wandering).

Vanquished Creatures
  2 ogres
  A slave (D:6)
  2 hounds (D:5)
  A crimson imp (D:5)
  A centaur zombie (Ossuary)
  A yellow wasp zombie (D:4)
  3 human zombies (Ossuary)
  An iguana (D:4)
  4 worker ants
  A big kobold zombie (Ossuary)
  3 gnolls (D:5)
  5 mummies (Ossuary)
  4 adders
  3 giant mites
  A worm (D:3)
  2 giant geckos
  An ooze (D:4)
  9 orcs
  4 ball pythons
  6 bats
  A bat skeleton (D:5)
  A gnoll zombie (Ossuary)
  10 goblins
  7 hobgoblins
  4 jackals
  17 kobolds
  7 quokkas
  A giant cockroach (D:3)
  2 giant newts
  A goblin zombie (Ossuary)
  A hobgoblin zombie (D:3)
  A kobold zombie (Ossuary)
  11 rats
  A rat skeleton (D:4)
120 creatures vanquished.

Notes
Turn   | Place    | Note
--------------------------------------------------------------
     0 | D:1      | myeffort, the Deep Dwarf Earth Elementalist, began the quest for the Orb.
     0 | D:1      | Reached XP level 1. HP: 15/15 MP: 2/2
   288 | D:1      | Reached XP level 2. HP: 22/22 MP: 4/4
   426 | D:1      | Found a glowing golden altar of the Shining One.
   672 | D:1      | Reached skill level 5 in Earth Magic
   686 | D:2      | Reached XP level 3. HP: 20/28 MP: 0/6
   977 | D:2      | Reached skill level 6 in Earth Magic
  1047 | D:2      | Reached XP level 4. HP: 11/36 MP: 4/7
  1321 | D:3      | Found a bloodstained altar of Trog.
  1341 | D:3      | Learned a level 2 spell: Stoneskin
  1345 | D:3      | Learned a level 3 spell: Stone Arrow
  1570 | D:3      | Reached skill level 7 in Earth Magic
  1648 | D:3      | Noticed Herrn's ghost (average FoFi)
  2179 | D:4      | Reached XP level 5. HP: 42/42 MP: 2/9
  2334 | D:4      | Reached skill level 8 in Earth Magic
  2986 | D:4      | Found a shimmering altar of Xom.
  3099 | D:5      | Entered Level 5 of the Dungeon
  3141 | D:5      | Reached XP level 6. HP: 29/49 MP: 3/10
  3171 | D:5      | Found a sand-covered staircase.
  3192 | Ossuary  | Entered an ossuary
  3246 | Ossuary  | Reached skill level 9 in Earth Magic
  3327 | Ossuary  | Reached skill level 1 in Shields
  3607 | D:5      | Reached XP level 7. HP: 42/55 MP: 7/12
  3723 | D:5      | Noticed an ogre
  3735 | D:5      | Killed an ogre
  3798 | D:5      | Noticed an ice beast
  3973 | D:5      | Noticed a slave
  4003 | D:5      | Noticed Pikel
  4003 | D:5      | Noticed a slave
  4003 | D:5      | Noticed a slave
  4003 | D:5      | Noticed a slave
  4115 | D:4      | Noticed an ogre
  4129 | D:4      | Killed an ogre
  4129 | D:4      | Reached skill level 5 in Shields
  4836 | D:6      | Killed a slave
  4866 | D:6      | Noticed Sigmund
  4870 | D:6      | Quit the game

Action                   |  1- 3 |  4- 6 |  7- 9 || total
-------------------------+-------+-------+-------++-------
Melee: Unarmed           |     3 |       |       ||     3
       Whip              |    34 |   163 |    71 ||   268
 Cast: Sandblast         |    43 |    79 |    23 ||   145
       Stoneskin         |       |     3 |     4 ||     7
       Stone Arrow       |       |     1 |     4 ||     5
Evoke: Wand              |       |     3 |     4 ||     7
  Use: Scroll            |       |     2 |    13 ||    15
       Potion            |       |       |     3 ||     3
 Stab: Sleeping          |       |     4 |     1 ||     5
       Distracted        |       |       |     1 ||     1
  Eat: Chunk             |     1 |     9 |     4 ||    14
       Fruit             |       |       |     1 ||     1
